Unix NetHack Version 5.0.0-0 post-release - last build Jul 19 2026 19:10:59 (3aa4ab31751d3886436d94b585a96704892fd477,branch:main).

Game began 2026-07-20 19:00:00, ended 2026-07-20 19:09:27.

Koku, neutral female gnomish Wizard

                                -----       -----
                                |...|       |...|
                       -----    |.r.|       |...|
                       |...|    |....#######..<.|
                   ####-....#   |...|       |...|    ----------       --------
                  ##   |...|#   |...|       |...-## #.........|       |...>..|
                 ##    |.{.|#   --.--       ----- # #|........|      #.......|
                 #     |...|#     #               ###|..>.....|      #|.{....|
          ------ #     -----#     #####         #####-........|     ##|:.....|
          |%.m.| #          #         #         ##   |.........###### --------
          |.[@@f##          #         #      #####   ----------
          |[...|            #         #      #
          ------            #         #      #
                            #---------.----###
                            #|............|#
                            #|............|#
                            #..........^...#
                             |............|
                             --------------

Koku the Conjurer         St:11 Dx:11 Co:14 In:19 Wi:11 Ch:9  Neutral
Dlvl:2  $:68 HP:0(25) Pw:0(45) AC:9  Xp:4 T:1487 

Latest messages:
 You find a large mimic.
 The large mimic hits!
 In what direction? 8
 The spell hits the large mimic!
 In what direction? 8
 The spell hits the large mimic!
 The large mimic hits!
 In what direction? 8
 The spell misses the large mimic.
 In what direction? 8
 The spell hits the large mimic!
 In what direction? 8
 The spell hits the large mimic!
 You kill the large mimic!
 Tulip eats a large mimic corpse.
 You see a tripe ration appear where Tulip was!
 You find Tulip.
 Talk to whom? (in what direction) 4
 Tulip purrs.
 What do you want to read? [i-mx or ?*] j
 As you read the scroll, it disappears.
 p - an uncursed amulet of unchanging.
 What do you want to read? [i-mx or ?*] j
 As you read the scroll, it disappears.
 x - an uncursed scroll of punishment.
 You swap places with Tulip.
 You hear a gurgling noise.
 "Hello, Koku!  Welcome again to Maganasipi's general store!"
 That wand of light is a small mimic!
 The small mimic hits!
 In what direction? 8
 The spell hits the small mimic!
 In what direction? 8
 The spell misses the small mimic.
 In what direction? 8
 The spell hits the small mimic!
 The small mimic hits!
 What do you want to zap? [cQ or ?*] Q
 In what direction? 8
 The small mimic seems to be moving slower.
 What do you want to wield? [- aM or ?*] a
 a - a blessed +1 quarterstaff (weapon in hands).
 The small mimic hits!
 You die...
 Maganasipi gratefully inherits all your possessions.
 Do you want to see what you had when you died? [ynq] (y) y
 Do you want to see your attributes? [ynq] (y) y
 Do you want an account of creatures vanquished? [ynaq] (y) y
 Do you want to see your conduct and achievements? [ynq] (y) y
 Do you want to see the dungeon overview? [ynq] (y) y

Inventory:
 Coins    ('$')
  $ - 68 gold pieces
 Amulets  ('"')
  p - an uncursed amulet of unchanging
 Weapons  (')')
  M - 2 +0 daggers
  a - a blessed +1 quarterstaff (weapon in hands)
 Armor    ('[')
  t - an uncursed +0 orcish helm
  L - a cursed -1 pair of levitation boots
  b - an uncursed +0 cloak of magic resistance (being worn)
 Comestibles  ('%')
  v - 2 cursed slime molds
  A - 4 uncursed food rations
  o - an uncursed tin of spinach
 Scrolls  ('?')
  i - a blessed scroll of identify
  k - an uncursed scroll of light
  x - an uncursed scroll of punishment
 Spellbooks  ('+')
  m - an uncursed spellbook of detect food
  l - a blessed spellbook of force bolt
 Potions  ('!')
  f - an uncursed potion of blindness
  u - an uncursed potion of fruit juice
  q - a cursed potion of invisibility
  h - a blessed potion of levitation
  g - 2 uncursed potions of object detection
 Rings    ('=')
  d - an uncursed ring of polymorph control
  e - an uncursed ring of sustain ability
 Wands    ('/')
  c - a wand of light (0:13)
  Q - a wand of slow monster (0:7)
 Tools    ('(')
  s - an uncursed leash
  G - a blessed magic lamp
  n - a magic marker (0:21)
  r - an uncursed oil lamp
  B - an uncursed towel
 Gems/Stones  ('*')
  y - an uncursed worthless piece of black glass
  K - an uncursed worthless piece of green glass
  R - a cursed worthless piece of red glass
  V - a cursed worthless piece of violet glass
  I - 2 uncursed worthless pieces of white glass

Koku the Wizard's attributes:

Background:
 You were a Conjurer, a level 4 female gnomish Wizard.
 You were neutral, nominally on a mission for Thoth
 who was opposed by Ptah (lawful) and Anhur (chaotic).
 You were right-handed.
 You were in the Dungeons of Doom, on level 2.
 You entered the dungeon 1487 turns ago.
 You had 143 experience points, 17 more were needed to attain level 5.

Basics:
 You had 0 out of 25 hit points.
 You had 0 out of 45 energy points (spell power).
 Your armor class was 9.
 Your wallet contained 68 zorkmids.
 Autopickup was off.

Final Characteristics:
 Your strength was 11 (limit:18/50).
 Your dexterity was 11 (limit:18).
 Your constitution was 14 (limit:18).
 Your intelligence was 19 (limit:19).
 Your wisdom was 11 (limit:18).
 Your charisma was 9 (limit:18).

Final Status:
 You weren't hungry.
 You were unencumbered.
 You were wielding a quarterstaff.
 You had basic skill with quarterstaff.

Final Attributes:
 You were devoutly aligned.
 You were magic-protected.
 You had infravision.
 You were warded.
 You are dead.

Miscellaneous:
 You didn't encounter any bones levels.
 Total elapsed playing time was 9 minutes and 26 seconds.

Major events:
 Turn
    1: Koku the neutral female gnomish Wizard entered the dungeon
  859: entered the Gnomish Mines
  946: attained the rank of Conjurer (level 3)
 1487: killed by a small mimic

Spells:
 Name                 Level Category     Fail Retention
 force bolt             1   attack         0%  91%-100%
 detect food            2   divination    35%  76%-100%

Skills:
 Fighting Skills
   bare handed combat [Unskilled]
   riding             [Unskilled]
 Weapon Skills
   dagger             [Unskilled]
   knife              [Unskilled]
   axe                [Unskilled]
   short sword        [Unskilled]
   club               [Unskilled]
   mace               [Unskilled]
   quarterstaff       [Basic]
   polearms           [Unskilled]
   spear              [Unskilled]
   trident            [Unskilled]
   sling              [Unskilled]
   dart               [Unskilled]
   shuriken           [Unskilled]
 Spellcasting Skills
   attack spells      [Basic]
   healing spells     [Unskilled]
   divination spells  [Unskilled]
   enchantment spells [Basic]
   clerical spells    [Unskilled]
   escape spells      [Unskilled]
   matter spells      [Unskilled]

Voluntary challenges:
 Character rerolling was not enabled.
 You were an atheist.
 You never genocided any monsters.
 You never polymorphed an object.
 You never changed form.
 You used no wishes.
Achievements:
 You entered a shop.
 You entered the Gnomish Mines.
 You attained the rank of Conjurer.

 The Dungeons of Doom: levels 1 to 2
    Level 1:
       A fountain.
    Level 2: <- You were here.
       A general store, some sinks.
       Stairs down to The Gnomish Mines.
       Final resting place for
          you, killed by a small mimic.
 The Gnomish Mines:
    Level 3:


Vanquished creatures:
  a large mimic
  a shrieker
  2 dwarves
  4 coyotes
  a gas spore
  a giant rat
  a cave spider
  2 yellow molds
  3 gnomes
  2 geckos
  4 jackals
  3 goblins
  4 lichens
  3 kobold zombies
  8 newts
40 creatures vanquished.

No species were genocided or became extinct.

Game over:
                       ----------
                      /          \
                     /    REST    \
                    /      IN      \
                   /     PEACE      \
                  /                  \
                  |       Koku       |
                  |      68 Au       |
                  |   killed by a    |
                  |   small mimic    |
                  |                  |
                  |                  |
                  |       2026       |
                 *|     *  *  *      | *
        _________)/\\_//(\/(/\)/\//\/|_)_______

Goodbye Koku the Wizard...

You died in The Dungeons of Doom on dungeon level 2 with 734 points,
and 68 pieces of gold, after 1487 moves.
You were level 4 with a maximum of 25 hit points when you died.

